 Dungeon Crawl Stone Soup version 0.30.0-15-g856e2d3f33 (webtiles) character file.

Game seed: 17743481114337258284

25 McKennaii the Conjurer (level 2, 0/20 HPs)
             Began as a Demigod Conjurer on May 18, 2023.
             Slain by Terence
             ... wielding a +0 falchion
              (4 damage)
             ... on level 2 of the Dungeon.
             The game lasted 00:01:09 (1486 turns).

McKennaii the Conjurer (Demigod Conjurer)           Turns: 1486, Time: 00:01:10

Health: 0/20       AC:  3    Str:  8    XL:     2   Next: 63%
Magic:  4/7        EV: 12    Int: 20    God:
Gold:   52         SH:  0    Dex: 12    Spells: 4/5 levels left

rFire   . . .        (no weapon)
rCold   . . .        (no shield)
rNeg    . . .        a - +0 robe
rPois   .            (no helmet)
rElec   .            (no cloak)
rCorr   .            i - +0 pair of gloves
SInv    .            (no boots)
Will    .....        (no amulet)
Stlth   ++           (no ring)
HPRegen 0.23/turn    (no ring)
MPRegen 0.10/turn

%: no passive effects
@: about to teleport
A: high MP 1, forlorn, divine attributes
a: no special abilities


You were on level 2 of the Dungeon.
You visited 1 branch of the dungeon, and saw 2 of its levels.

You collected 92 gold pieces.
You spent 40 gold pieces at shops.

Inventory:

Armour
 a - a +0 robe (worn)
 i - a +0 pair of gloves (worn)
 j - an orb of energy
Scrolls
 e - a scroll of identify
 h - a scroll of poison {unknown}
Potions
 b - a potion of magic
 c - 2 potions of curing
 d - a potion of heal wounds {unknown}
 g - a potion of cancellation {unknown}
 k - a potion of berserk rage {unknown}
 l - a potion of might {unknown}
 m - a potion of degeneration {unknown}


   Skills:
 - Level 1.7 Dodging
 - Level 1.7 Stealth
 + Level 2.3 Spellcasting
 + Level 4.0 Conjurations


You had 4 spell levels left.
You knew the following spells:

 Your Spells              Type           Power      Damage    Failure   Level
a - Magic Dart            Conj           72%        1d6       2%          1

Your spell library contained the following spells:

 Spells                   Type           Power      Damage    Failure   Level
 Searing Ray              Conj           36%        2d5       4%          2
 Dazzling Flash           Conj/Hex       20%        N/A       21%         3
 Fulminant Prism          Conj/Hex       5%         3d6       54%         4
 Iskenderun's Mystic Bla  Conj/Tloc      10%        2d4       54%         4


Dungeon Overview and Level Annotations

Branches:
Dungeon (2/15)

Shops:
D:2 *

Annotations:
D:2 Terence


Innate Abilities, Weirdness & Mutations

You have an increased reservoir of magic. (+10% MP)
You shall have no god before yourself.
Your divine heritage dramatically boosts your attributes as you level up.


Message History

You kill the kobold!
Found Poceafu's Assorted Antiques.
Things that are here:
a +0 whip; a kobold corpse You can't see any susceptible monsters within range! (Use Z to cast anyway.)
There is an entrance to Poceafu's Assorted Antiques here.
l - a clear potion;
m - a bubbling clear potion Thank you for shopping at Poceafu's Assorted Antiques!
Found a stone staircase leading down.
There is a stone staircase leading down here.
Found a long sword.
You can't see any susceptible monsters within range! (Use Z to cast anyway.)
You see here a +0 long sword.
Found an escape hatch in the floor.
You can't see any susceptible monsters within range! (Use Z to cast anyway.)
There is an escape hatch in the floor here.
Terence the Incautious comes into view.
He is wielding a +0 falchion.
Terence shouts!
The magic dart hits Terence but does no damage.
Terence is nearby!
The magic dart hits Terence but does no damage.
Terence is nearby!
The magic dart hits Terence but does no damage.
Terence hits you with a +0 falchion!
Terence is nearby!
The magic dart hits Terence.
Terence is lightly wounded.
Terence hits you with a +0 falchion.
Unknown command.
Terence attacks as you move away! Terence hits you with a +0 falchion.
Terence attacks as you move away! Terence barely misses you.
As you read the scroll labelled TIETENTU FUPO, it crumbles to dust.
It is a scroll of identify.
c - 2 potions of curing Terence hits you with a +0 falchion!
* * * LOW HITPOINT WARNING * * *
As you read the scroll labelled RYNANE URGHA, it crumbles to dust.
You feel strangely unstable.
It was a scroll of teleportation.
Terence hits you with a +0 falchion.
You die...

#.# #.# #.######.## # #.# #.#
#.........# # #.# #.#
########..# # #.# #.# #..# #
#.# #.# #..# # #.# #
########..####### # #.# ##.
#...............# # #.#
#...####.######..#####.# # #.#
#.#......@@..........#.# #.#
#."......###########.#.##
..#####.#########.............#
........# #.#####.##<#..###
..##...## ##.# #.##.#..... .##
#..# #..# #).#.#.####
.#####++#### #..# ##..#.#.# ##
.##≈≈≈..§≈≈# #..####.....#.# #.
..#≈≈§..≈≈≈# #.......###.#.###.


You could see Terence.

Vanquished Creatures
  5 bats
  An endoplasm (D:1)
  2 giant cockroaches (D:2)
  A goblin (D:2)
  2 quokkas
  4 ball pythons
  5 kobolds
  3 rats (D:1)
23 creatures vanquished.

Notes
Turn   | Place    | Note
-------+----------+-------------------------------------------
     0 | D:1      | McKennaii the Demigod Conjurer began the quest for the Orb.
     0 | D:1      | Reached XP level 1. HP: 14/14 MP: 5/5
   582 | D:1      | Reached XP level 2. HP: 20/20 MP: 2/7
  1061 | D:2      | Reached skill level 4 in Conjurations
  1405 | D:2      | Found Poceafu's Assorted Antiques.
  1414 | D:2      | Bought a clear potion for 20 gold pieces
  1414 | D:2      | Bought a bubbling clear potion for 20 gold pieces
  1476 | D:2      | Noticed Terence
  1486 | D:2      | Slain by Terence

Illustrated notes

Levels and vault maps discovered:
D:1:      minmay_arrival_checkered_box, layout_loops_ring,
          shapermc_ecumenical_altar_pompeii
D:2:      layout_loops_ring, serial_shops, shop,
          hangedman_abyss_or_decor_lesser_grid, kennysheep_generic_room_4,
          uniq_terence

Skill      XL: |  1  2 |
---------------+-------+-----
Spellcasting   | 2 |  2.3
Conjurations   | 4 |  4.0
Dodging        | |  1.7
Stealth        | |  1.7

Action                     || total
---------------------------++-------
   Cast: Magic Dart        ||    51
    Use: Scroll            ||     2
  Dodge: Dodged            ||     8
